 Dungeon Crawl Stone Soup version 0.25-a0-510-ge065f6de7d (webtiles) character file.

Game seed: 5767183219952490787, levelgen mode: deterministic

127 BeastOfSaturn the Grave Robber (level 4, -3/32 HPs)
             Began as a Demonspawn Necromancer on Feb 15, 2020.
             Slain by a sickly merfolk siren
             ... wielding a +0 spear
              (6 damage)
             ... in a sewer.
             The game lasted 00:17:30 (3044 turns).

BeastOfSaturn the Grave Robber (DsNe)               Turns: 3044, Time: 00:17:31

Health: -3/32      AC: 12    Str: 15    XL:     4   Next: 85%
Magic:  7/7        EV:  2    Int: 16    God:
Gold:   145        SH:  0    Dex: 13    Spells: 5/7 levels left

rFire    + . .     SeeInvis .   a - +0 falchion
rCold    + . .     Gourm    .   (no shield)
rNeg     . . .     Faith    .   k - +0 gold dragon scales
rPois    +         Spirit   .   (no helmet)
rElec    .         Reflect  .   (no cloak)
rCorr    .         Harm     .   (no gloves)
MR       .....                  (no boots)
Stlth    ..........             (no amulet)
HPRegen  0.10/turn              b - +2 ring of evasion
MPRegen  0.10/turn              (no ring)

@: mighty, mesmerised, very slow
A: talons 1
a: no special abilities


You were in a sewer.
You were not hungry.

You visited 1 branch of the dungeon, and saw 3 of its levels.
You also visited: Sewer.

You collected 145 gold pieces.

Inventory:

Hand Weapons
 a - a +0 falchion (weapon)
 e - a +0 short sword
Missiles
 f - 16 poisoned darts
 p - 5 javelins (quivered)
Armour
 k - +0 gold dragon scales (worn)
Jewellery
 b - a +2 ring of evasion (left hand)
Scrolls
 h - a scroll of remove curse {unknown}
 i - a scroll of amnesia
 j - a scroll of immolation {unknown}
 l - a scroll of identify {unknown}
 m - a scroll of enchant weapon {unknown}
 o - a scroll of random uselessness {unknown}
Potions
 n - a potion of might
Comestibles
 c - 3 rations


   Skills:
 * Level 1.0 Fighting
 + Level 0.3(0.4) Short Blades
 + Level 0.2(0.3) Long Blades
 + Level 0.8 Throwing
 * Level 1.5 Armour
 + Level 1.7 Dodging
 - Level 1.7 Stealth
 + Level 2.3 Spellcasting
 * Level 5.7 Necromancy


You had 5 spell levels left.
You knew the following spells:

 Your Spells              Type           Power        Failure   Level  Hunger
a - Pain                  Necr           ###.         100%        1    #......
b - Animate Skeleton      Necr           N/A          100%        1    #......

Your spell library contained the following spells:

 Spells                   Type           Power        Failure   Level  Hunger
 Vampiric Draining        Necr           ###.......   100%        3    ###....
 Animate Dead             Necr           N/A          100%        4    #####..
 Agony                    Necr           ###.....     100%        5    ######.


Dungeon Overview and Level Annotations

Branches:
Dungeon (3/15)              Sewer (1/1)

Altars:


Innate Abilities, Weirdness & Mutations

You have sharp toenails.


Message History

The sickly merfolk siren hits you from afar with a +0 spear!
* * * LOW HITPOINT WARNING * * *
The sickly merfolk siren chants its luring song.
You slash the rat!
You kill the rat!
The sickly merfolk siren chants its luring song.
Your unstable footing causes you to fumble your attack.
The sickly merfolk siren chants its luring song.
Your gold dragon scales prevents you from hitting the rat.
The rat bites you but does no damage.
The sickly merfolk siren chants its luring song.
The rat bites you.
* * * LOW HITPOINT WARNING * * *
The sickly merfolk siren hits you from afar with a +0 spear.
* * * LOW HITPOINT WARNING * * *
As you read the scroll labeled GOCUHY MUTUOBBAM, it crumbles to dust.
You feel aware of your surroundings.
You sensed 1 shop/portal.
It was a scroll of magic mapping.
The rat bites you but does no damage.
The sickly merfolk siren hits you from afar with a +0 spear.
You die...

****** **≈,.,*** *≈≈≈≈...** *****
≈≈*≈≈≈...####### *≈≈≈≈
*,*≈≈≈≈≈.....†r# *****
*,*≈≈≈≈≈≈≈≈≈##.# *,**##≈###≈≈≈#.#
####
*,*,,,≈,,###≈≈r#############..###
,**,,,,,,* #≈≈mr@≈≈≈≈≈≈≈≈≈..†..≈†
********** ##########≈≈≈≈≈≈≈≈≈≈≈≈
############### #∩∩≈≈≈≈.......†
###≈≈≈.######## ##≈.## # #### #


You could see a sickly merfolk siren and 2 rats.

Vanquished Creatures
  7 adders
  2 oozes
  2 worms
  A dart slug (D:2)
  3 leopard geckos
  4 giant cockroaches
  4 goblins (D:2)
  3 hobgoblins
  A quokka (D:2)
  A bat (D:1)
  4 frilled lizards
  2 kobolds (D:2)
  18 rats
52 creatures vanquished.

Vanquished Creatures (collateral kills)
  A goblin (D:1)
1 creature vanquished.

Grand Total: 53 creatures vanquished

Notes
Turn   | Place    | Note
-------+----------+-------------------------------------------
     0 | D:1      | BeastOfSaturn the Demonspawn Necromancer began the quest
                  | for the Orb.
     0 | D:1      | Reached XP level 1. HP: 13/13 MP: 3/3
   263 | D:1      | Gained mutation: You have sharp toenails. [demonic
                  | ancestry]
   263 | D:1      | Reached XP level 2. HP: 20/20 MP: 3/5
   509 | D:1      | Learned a level 1 spell: Animate Skeleton
   820 | D:2      | Reached skill level 5 in Necromancy
   865 | D:2      | Reached XP level 3. HP: 15/25 MP: 6/6
  1879 | D:2      | Reached skill level 1 in Armour
  1879 | D:2      | Reached XP level 4. HP: 6/31 MP: 7/7
  2724 | D:3      | Found a glowing drain.
  2728 | Sewer    | Entered a sewer
  2821 | Sewer    | Reached skill level 1 in Fighting
  3044 | Sewer    | Slain by a sickly merfolk siren

Levels and vault maps discovered:
D:1:      dpeg_arrival_prison, layout_rooms
D:2:      kennysheep_six_static_rooms, layout_loops_ring
D:3:      minmay_bubble_buster, layout_loops_cross, marbit_many_paths,
          first_ration, gup_sewer_entry_spiral
Sewer:    sewer_sea

Skill      XL: |  1  2  3  4 |
---------------+-------------+-----
Necromancy     | 5 |  5.7
Armour         | 1 |  1.5
Fighting       | 1 |  1.0
Short Blades   | |  0.3
Long Blades    | |  0.2
Throwing       | |  0.8
Dodging        | |  1.7
Stealth        | |  1.7
Spellcasting   | |  2.3

Action                   |  1- 3 |  4- 6 || total
-------------------------+-------+-------++-------
Melee: Unarmed           |     2 |       ||     2
       Short sword       |   144 |    25 ||   169
       Kick              |    24 |    29 ||    53
       Falchion          |       |   108 ||   108
Throw: Dart              |     6 |     7 ||    13
 Cast: Pain              |    19 |       ||    19
       Animate Skeleton  |     2 |       ||     2
  Use: Potion            |     1 |     1 ||     2
       Scroll            |       |     2 ||     2
  Eat: Ration            |     1 |     1 ||     2
       Chunk             |     1 |       ||     1
Armor: Gold dragon scale |   150 |   129 ||   279
Dodge: Dodged            |     6 |     5 ||    11
       Rpst.: Falchion   |       |     1 ||     1

Table legend:
 A = Non-vault XP
 B = Vault XP
 C = Vault XP percentage of total XP
 D = Non-vault monster count
 E = Vault monster count
 F = Vault count percentage of total count
                 A         B        C        D         E       F
            +---------+---------+-------+---------+---------+-------
      Total |     110 |      72 |  39.6 |      23 |      30 |  56.6
            +---------+---------+-------+---------+---------+-------
        D:1 |      19 |       3 |  13.6 |       9 |       2 |  18.2
        D:2 |      88 |      25 |  22.1 |      13 |       6 |  31.6
        D:3 |       3 |      11 |  78.6 |       1 |       6 |  85.7
      Sewer |       0 |      33 | 100.0 |       0 |      16 | 100.0
            +---------+---------+-------+---------+---------+-------
